Map: 幽暗之塔

Players

Nice - Winner!

  • Race: Protoss Protoss
  • League: Grandmaster

Expect

  • Race: Terran Terran
  • League: Master

Event: 2016 WCS Winter Challenger Taiwan

VOD

Have the link to the VOD?

Description

Time

  • Played on: Jan. 15, 2016, 6:04 a.m.
  • Length: 11:41

All games in this series

Show
View Real Time Build Order
Export as new Build Order

Nice Protoss - Winner!

Build Orders: 1 Gate Expand, Phoenix Opening 

Get SALT Encoding   

  12  0:01  Probe (Chrono Boost)  
  13  0:12  Probe (Chrono Boost)  
  14  0:19  Pylon  
  14  0:22  Probe (Chrono Boost)  
  15  0:37  Probe (Chrono Boost)  
  15  0:38  Gateway  
  16  0:48  Probe (Chrono Boost)  
  16  0:49  Assimilator  
  17  0:58  Probe (Chrono Boost)  
  18  1:09  Probe (Chrono Boost)  
  19  1:18  Nexus  
  19  1:29  Cybernetics Core  
  19  1:30  Probe (Chrono Boost)  
  20  1:35  Assimilator  
  20  1:41  Probe (Chrono Boost)  
  20  1:45  Pylon  
  21  1:51  Probe (Chrono Boost)  
  22  2:05  Mothership Core (Chrono Boost), Adept (Chrono Boost)  
  26  2:13  Warp Gate  
  26  2:26  Probe  
  26  2:29  Stalker (Chrono Boost)  
  29  2:32  Probe (Chrono Boost)  
  30  2:38  Probe (Chrono Boost)  
  32  2:44  Probe (Chrono Boost)  
  32  2:49  Probe (Chrono Boost)  
  32  2:51  Stargate  
  33  2:54  Probe (Chrono Boost)  
  33  2:58  Adept  
  36  2:59  Probe (Chrono Boost)  
  36  3:05  Probe (Chrono Boost)  
  38  3:10  Probe (Chrono Boost)  
  37  3:15  Probe (Chrono Boost)  
  37  3:19  Robotics Facility  
  38  3:20  Probe (Chrono Boost)  
  38  3:25  Adept  
  38  3:26  Probe (Chrono Boost), Pylon  
  42  3:32  Probe (Chrono Boost)  
  43  3:36  Probe (Chrono Boost)  
  43  3:38  Phoenix  
  46  3:44  Probe (Chrono Boost)  
  46  3:45  Pylon  
  46  3:47  Probe (Chrono Boost)  
  48  3:51  Assimilator  
  48  3:55  Probe (Chrono Boost), Assimilator  
  49  3:58  Probe (Chrono Boost), Pylon  
  50  4:10  Phoenix (Chrono Boost)  
  50  4:17  Observer (Chrono Boost)  
  50  4:22  Probe x2  
  53  4:24  Pylon  
  53  4:25  Adept  
  55  4:34  Probe x2  
  57  4:46  Probe  
  57  4:50  Probe  
  57  4:55  Gateway  
  57  4:56  Gateway, Phoenix (Chrono Boost)  
  57  4:58  Probe  
  57  4:59  Gateway  
  60  5:03  Probe  
  60  5:04  Pylon x2  
  65  5:23  Nexus  
  67  5:33  Void Ray (Chrono Boost)  
  67  5:35  Probe x2  
  67  5:47  Probe  
  67  5:48  Probe  
  67  5:49  Pylon  
  69  5:58  Forge  
  69  5:59  Probe  
  69  6:00  Probe, Twilight Council, Observer  
  72  6:07  Sentry x4  
  72  6:11  Probe  
  81  6:12  Probe  
  81  6:17  Pylon  
  82  6:18  Void Ray (Chrono Boost)  
  82  6:19  Observer  
  82  6:25  Pylon  
  87  6:27  Probe x2  
  87  6:32  Charge (Chrono Boost)  
  89  6:37  Probe  
  89  6:39  Probe x2  
  92  6:51  Protoss Ground Armor Level 1 (Chrono Boost)  
  92  6:52  Probe x2  
  92  6:53  Assimilator  
  92  6:55  Assimilator  
  92  6:56  Pylon  
  92  6:57  Zealot  
  92  6:58  Zealot  
  92  6:59  Void Ray  
  92  7:00  Pylon  
  96  7:06  Probe  
  101  7:11  Pylon  
  101  7:20  Pylon  
  101  7:26  Gateway  
  101  7:27  Probe, Gateway  
  101  7:28  Probe x2  
  101  7:29  Zealot x4  
  112  7:37  Probe  
  112  7:40  Pylon  
  113  7:44  Void Ray  
  113  7:46  Templar Archives  
  117  7:54  Gateway  
  117  7:56  Gateway  
  117  7:58  Pylon  
  117  7:59  Pylon, Zealot x2  
  117  8:04  Warp Prism  
  123  8:18  Pylon  
  123  8:23  High Templar  
  123  8:24  Zealot x2, High Templar  
  131  8:27  Void Ray  
  131  8:32  Resonating Glaives  
  133  8:35  Archon  
  133  8:38  Pylon  
  133  8:40  Pylon x2  
  133  8:42  Pylon  
  133  8:46  Protoss Ground Armor Level 2 (Chrono Boost)  
  131  8:58  Zealot x5  
  131  8:59  Zealot x2  
  137  9:10  Void Ray  
  123  9:23  Zealot x4  
  123  9:24  Zealot x4  
  125  9:41  Nexus  
  125  9:44  Pylon  
  125  9:46  High Templar x4  
  125  9:47  High Templar  
  125  9:48  Stargate, High Templar  
  125  9:50  Stargate, Archon  
  125  9:51  Archon  
  137  9:53  Zealot x2  
  137  9:56  Archon  
  141  10:07  Psionic Storm  
  141  10:16  Void Ray  
  141  10:18  High Templar  
  147  10:22  Photon Cannon  
  147  10:23  Photon Cannon  
  147  10:24  Photon Cannon, High Templar  
  147  10:26  Pylon  
  147  10:28  Adept x2  
  153  10:29  Adept  
  153  10:31  Adept  
  157  10:38  Assimilator  
  157  10:40  High Templar  
  159  10:43  Assimilator  
  159  10:47  Pylon  
  159  10:49  High Templar  
  161  11:02  Zealot x5  
  161  11:03  Zealot  
  143  11:29  Archon x2  
  143  11:31  Zealot x8  
Show
View Real Time Build Order
Export as new Build Order

Expect Terran 

Build Orders: 1/1/1, Liberator Opening, MMM Bio 

Get SALT Encoding   

  12  0:00  SCV  
  13  0:13  SCV  
  14  0:18  Supply Depot  
  14  0:25  SCV  
  15  0:40  SCV  
  15  0:41  Barracks  
  16  0:45  Refinery  
  16  0:52  SCV  
  16  0:53  Refinery  
  17  1:04  SCV  
  18  1:16  SCV  
  19  1:28  Orbital Command  
  19  1:31  Marine  
  20  1:32  Factory  
  20  1:43  Supply Depot  
  20  1:55  SCV  
  20  1:57  Barracks Reactor  
  21  2:07  SCV  
  22  2:17  Widow Mine, Starport  
  22  2:22  SCV  
  25  2:29  Supply Depot  
  24  2:34  Marine x2  
  24  2:36  SCV  
  27  2:48  Hellion  
  29  2:52  Marine x2  
  29  2:53  SCV  
  29  2:56  Medivac  
  34  3:01  Supply Depot  
  34  3:09  Marine  
  34  3:10  Marine  
  38  3:13  Hellion  
  38  3:14  Liberator  
  38  3:15  SCV  
  42  3:37  Factory Tech Lab  
  42  3:41  Command Center  
  42  3:47  Supply Depot  
  42  3:54  SCV  
  43  4:04  Liberator  
  43  4:06  SCV  
  39  4:18  Cyclone  
  39  4:19  Marine x2  
  39  4:22  SCV  
  48  4:39  SCV  
  48  4:42  Barracks  
  48  4:44  Barracks  
  46  4:51  SCV  
  45  4:55  Orbital Command  
  45  4:59  Marine x2  
  47  5:02  Siege Tank  
  47  5:03  SCV  
  51  5:11  Starport Reactor  
  51  5:15  SCV  
  51  5:17  Marine x2  
  54  5:23  Engineering Bay  
  54  5:25  Supply Depot  
  54  5:29  SCV x2  
  54  5:33  Barracks Tech Lab x2  
  54  5:35  Marine x2  
  53  5:45  SCV x2  
  55  5:53  Combat Shields, Stimpack  
  55  5:56  Marine  
  55  5:57  Marine x3  
  56  5:59  SCV x2  
  64  6:04  Siege Tank  
  65  6:11  Supply Depot, SCV x2  
  66  6:22  Terran Infantry Weapons Level 1  
  66  6:24  SCV, Barracks  
  66  6:25  SCV, Barracks  
  68  6:29  Refinery  
  68  6:31  Marine x2  
  68  6:32  Marine  
  71  6:33  Marine  
  71  6:37  SCV x2  
  71  6:39  Refinery  
  73  6:49  SCV x2  
  73  6:52  Marine x3  
  73  6:53  Marine  
  78  7:00  Supply Depot, Medivac x2  
  78  7:01  SCV x2  
  84  7:02  Supply Depot  
  84  7:08  Supply Depot  
  84  7:21  Barracks Reactor x2, Concussive Shells  
  84  7:22  Marine  
  84  7:23  Marauder x2, Marine  
  84  7:25  SCV x2  
  84  7:26  Missile Turret  
  92  7:31  Missile Turret  
  92  7:34  Supply Depot  
  92  7:43  Marine  
  92  7:44  Marine  
  94  7:46  Marauder  
  94  7:47  Marauder, Siege Tank  
  101  7:58  Marine x4  
  101  8:01  Medivac  
  101  8:05  Supply Depot  
  107  8:07  Supply Depot  
  107  8:10  Marauder, Marine  
  107  8:11  Marine x2  
  112  8:16  Marine  
  113  8:22  Marine x2  
  113  8:25  Marine  
  116  8:28  Marine  
  116  8:29  Marauder, Marine  
  116  8:32  Marauder  
  116  8:34  Marine  
  109  8:40  Marine x2  
  109  8:43  Marine  
  109  8:45  Marine  
  109  8:48  Marine  
  112  8:51  Marauder, Marine  
  112  8:53  Marauder  
  111  8:58  Marine  
  111  8:59  Siege Tank, Marine  
  111  9:01  Marine  
  117  9:03  Marine  
  117  9:05  Marine  
  115  9:12  Marauder  
  97  9:20  Marine x3  
  97  9:21  Marauder  
  97  9:22  Marine  
  97  9:23  Marine x2  
  78  9:31  Medivac x2  
  78  9:32  Siege Tank  
  78  9:34  Marauder  
  78  9:38  Marine x3  
  90  9:41  Marine x2  
  90  9:42  Marauder, Terran Infantry Armor Level 1  
  94  9:46  Marine  
  95  9:54  Marine  
  95  9:55  Marine  
  95  9:56  Marine  
  95  9:57  Marine  
  95  9:59  Marine x2  
  101  10:03  Marauder  
  101  10:04  Marine  
  103  10:10  Medivac  
  103  10:11  Medivac  
  103  10:13  Marauder  
  109  10:15  Siege Tank  
  109  10:17  Marine x2  
  109  10:19  Marine  
  115  10:25  Marauder  
  117  10:28  Supply Depot, Marine x2  
  117  10:29  Marine  
  120  10:38  Marine x3  
  120  10:39  Marauder  
  125  10:47  Marine, Orbital Command  
  126  10:50  Marauder, Marine x2  
  130  10:59  Supply Depot  
  130  11:02  Marine x2  
Tags
 
Add a new tag
Caveats
  • Supply blocks, unpowered buildings, or Contaminate may cause inaccurate times.
  • Supply counts are checked every 10 seconds.